 Dungeon Sprint DCSS version 0.22.1-1-ga44c0e56f4 (webtiles) character file.

13500000 MuseOD the Conqueror (level 27, -178/273 HPs)
             Began as a Ghoul Warper on Oct 7, 2018.
             Was the Champion of Makhleb.
             Annihilated by a fleshlord
             ... wielding a +9 great mace
              (415 damage)
             ... in the Dungeon (Sprint VIII: "Arena of Blood").
             The game lasted 00:04:51 (135 turns).

MuseOD the Conqueror (Ghoul Warper)                  Turns: 135, Time: 00:04:52

Health: -178/273   AC:  6    Str: 28    XL:     27
Magic:  38/53      EV: 24    Int:  8    God:    Makhleb [******]
Gold:   0          SH:  0    Dex:  8    Spells: 80/80 levels left

rFire    . . .     SeeInvis .   b - +∞ Axe of Woe
rCold    + . .     Gourm    .   (shield currently unavailable)
rNeg     + + +     Faith    .   a - +0 leather armour
rPois    ∞         Spirit   .   (no helmet)
rElec    .         Reflect  .   (no cloak)
rCorr    .         Harm     .   (no gloves)
MR       ++...     NoTele   +   (no boots)
Stlth    +++++++++.             (no amulet)
HPRegen  0.00/turn              (no ring)
MPRegen  0.33/turn              (no ring)

@: rotting, slowed, very slow
A: rotting body, claws 1, carnivore, cold resistance 1, negative energy
resistance 3, inhibited regeneration, torment resistance, unbreathing
a: Minor Destruction, Lesser Servant of Makhleb, Major Destruction, Greater
Servant of Makhleb, Renounce Religion


You were in the Dungeon.
You worshipped Makhleb.
Makhleb was exalted by your worship.
You were not hungry.

You visited 1 branch

Inventory:

Hand Weapons
 b - the +∞ Axe of Woe (weapon)
   (You found it in the Dungeon)
Missiles
 d - 5 tomahawks of dispersal (quivered)
Armour
 a - a +0 leather armour (worn)
Jewellery
 k - an uncursed ring of protection from fire
Scrolls
 c - 2 scrolls of blinking
Potions
 e - a potion of curing
 g - a potion of heal wounds
 h - a potion of haste
 i - 2 potions of magic
 j - a potion of berserk rage
Comestibles
 f - a ration


   Skills:
 O Level 27 Fighting
 O Level 27 Axes
 O Level 27 Throwing
 O Level 27 Armour
 O Level 27 Dodging
 O Level 27 Stealth
 O Level 27 Unarmed Combat
 O Level 27 Spellcasting
   Level 2.6 Translocations
 O Level 27 Invocations


You had 80 spell levels left.
You didn't know any spells.
Your spell library contained the following spells:

 Spells                   Type           Power        Failure   Level  Hunger
 Blink                    Tloc           N/A          1%          2    None
 Shroud of Golubria       Chrm/Tloc      ##........   2%          2    None
 Gell's Gravitas          Tloc           ###.......   2%          3    None
 Lesser Beckoning         Tloc           ###.......   2%          3    None
 Teleport Other           Tloc           ###.....     2%          3    None
 Passage of Golubria      Tloc           N/A          10%         4    ##.....


Dungeon Overview and Level Annotations

Branches:
Dungeon (1/1)

Altars:
Makhleb


Innate Abilities, Weirdness & Mutations

Your body is rotting away.
You thrive on raw meat.
You are immune to poison.
You have sharp fingernails.
You are carnivorous and can eat meat at any time.
Your flesh is cold resistant. (rC+)
You are immune to negative energy. (rN+++)
You do not regenerate when monsters are visible.
You are immune to unholy pain and torment.
You can survive without breathing.


Message History

Something smites you!
The bag of meat is engulfed in blazing flames.
You hear a shout!
The accursed points at you and mumbles some strange words.
Something smites you! The accursed casts a spell at you. Something smites you!
The fleshlord points at you and mumbles some strange words.
You feel as though you will be slow longer.
You hear a shout! x5
The large abomination is engulfed in blazing flames.
The bag of meat is engulfed in blazing flames. x2
You hear a shout!
The bag of meat hits you with a +9 war axe.
The bag of meat is engulfed in blazing flames.
The fleshlord gestures wildly while chanting.
The fleshlord seems to speed up.
The fleshlord hits you with a +9 great mace!!!!!!
Ouch! That really hurt!
You die...

####### .......####
.......@p.####
#.#####op)oXx####
....oooMM)....####
#..LoXoXzX.......####
..XSoXxo§x.....).....#
.#.XXpp..#)M.).).....#
...XX..####))%)......#
......XX..........)..#
.......2.....#%%..).#


You could see 3 accurseds, 2 tentacled monstrosities, a tyrant, a scourge, 4
fleshlords, a sculptor of flesh, 9 large abominations, a small abomination, 9
bags of meat and 2 crawling corpses.

Vanquished Creatures
  2 hell knights (D)
  3 hell beasts (D)
  4 greater mummies (D)
  3 great orbs of eyes (D)
  6 wraiths (D)
  14 vampire knights (D)
  28 ogres (D)
  5 two-headed ogres (D)
  4 liches (D)
  3 hydras (D)
  74 orcs (D)
  6 phantoms (D)
  5 skeletal warriors (D)
  3 sea snakes (D)
  6 large abominations (D)
  9 small abominations (D)
  2 crawling corpses (D)
177 creatures vanquished.

Vanquished Creatures (others)
  4 crawling corpses (D)
4 creatures vanquished.

Grand Total: 181 creatures vanquished

Notes
Turn   | Place    | Note
-------+----------+-------------------------------------------
     0 | D        | Found the +∞ Axe of Woe
     0 | D        | MuseOD the Ghoul Warper began the quest for the Orb.
     0 | D        | Reached XP level 1. HP: 17/17 MP: 2/2
     2 | D        | Noticed a bag of meat
     4 | D        | Became a worshipper of Makhleb the Destroyer
     6 | D        | Noticed a bag of meat
     6 | D        | Noticed a bag of meat
     7 | D        | Noticed a bag of meat
     8 | D        | Noticed a bag of meat
     8 | D        | Noticed a meat berserker
     9 | D        | Noticed a meat berserker
     9 | D        | Noticed a bag of meat
     9 | D        | Noticed a bag of meat
    10 | D        | Noticed a bag of meat
    10 | D        | Noticed a bag of meat
    10 | D        | Noticed a bag of meat
    10 | D        | Noticed a bag of meat
    11 | D        | Noticed a bag of meat
    11 | D        | Noticed a bag of meat
    11 | D        | Noticed a bag of meat
    11 | D        | Noticed a bag of meat
    12 | D        | Killed a meat berserker
    12 | D        | Reached skill level 5 in Axes
    12 | D        | Reached skill level 5 in Armour
    12 | D        | Reached skill level 15 in Spellcasting
    12 | D        | Reached XP level 2. HP: 50/50 MP: 2/17
    12 | D        | Reached XP level 3. HP: 57/57 MP: 2/19
    12 | D        | Reached XP level 4. HP: 64/64 MP: 2/20
    12 | D        | Reached XP level 5. HP: 72/72 MP: 2/22
    12 | D        | Reached XP level 6. HP: 80/80 MP: 2/23
    12 | D        | Reached XP level 7. HP: 86/86 MP: 2/25
    12 | D        | Reached XP level 8. HP: 94/94 MP: 2/26
    12 | D        | Reached XP level 9. HP: 101/101 MP: 2/27
    12 | D        | Reached XP level 10. HP: 110/110 MP: 2/28
    12 | D        | Reached XP level 11. HP: 116/116 MP: 2/29
    12 | D        | Reached XP level 12. HP: 124/124 MP: 2/30
    12 | D        | Reached XP level 13. HP: 130/130 MP: 2/31
    12 | D        | Killed a bag of meat
    12 | D        | Reached * piety under Makhleb
    12 | D        | Reached skill level 5 in Throwing
    12 | D        | Reached skill level 15 in Dodging
    12 | D        | Reached XP level 14. HP: 143/143 MP: 2/34
    12 | D        | Killed a bag of meat
    12 | D        | Noticed a meat berserker
    12 | D        | Noticed a bag of meat
    12 | D        | Noticed a bag of meat
    13 | D        | Killed a meat berserker
    13 | D        | Reached XP level 15. HP: 66/158 MP: 2/37
    13 | D        | Reached ** piety under Makhleb
    13 | D        | Reached skill level 10 in Axes
    13 | D        | Reached XP level 16. HP: 70/168 MP: 2/39
    13 | D        | Noticed a meat berserker
    14 | D        | Reached *** piety under Makhleb
    14 | D        | Reached XP level 17. HP: 137/181 MP: 2/42
    14 | D        | Reached skill level 15 in Axes
    16 | D        | Reached **** piety under Makhleb
    16 | D        | Reached XP level 18. HP: 195/195 MP: 3/44
    16 | D        | Reached skill level 27 in Fighting
    16 | D        | Reached skill level 27 in Unarmed Combat
    16 | D        | Reached XP level 19. HP: 207/207 MP: 3/47
    16 | D        | Noticed a meat berserker
    16 | D        | Noticed a meat berserker
    17 | D        | Noticed a meat berserker
    17 | D        | Noticed a meat berserker
    18 | D        | Killed a meat berserker
    18 | D        | Reached ***** piety under Makhleb
    18 | D        | Reached skill level 10 in Throwing
    18 | D        | Reached skill level 10 in Armour
    18 | D        | Reached skill level 27 in Spellcasting
    18 | D        | Reached XP level 20. HP: 203/216 MP: 4/50
    18 | D        | Noticed a meat berserker
    19 | D        | Noticed a destroyer
    20 | D        | Noticed a large bag of meat
    20 | D        | Killed a meat berserker
    20 | D        | Reached skill level 27 in Axes
    20 | D        | Reached skill level 27 in Dodging
    20 | D        | Reached XP level 21. HP: 224/224 MP: 4/51
    20 | D        | Killed a meat berserker
    20 | D        | Reached ****** piety under Makhleb
    20 | D        | Reached skill level 27 in Throwing
    20 | D        | Reached XP level 22. HP: 233/233 MP: 4/52
    20 | D        | Noticed a destroyer
    21 | D        | Noticed a destroyer
    22 | D        | Killed a destroyer
    22 | D        | Reached skill level 27 in Armour
    22 | D        | Reached XP level 23. HP: 196/240 MP: 5/53
    22 | D        | Noticed a large bag of meat
    22 | D        | Noticed a destroyer
    22 | D        | Noticed a destroyer
    23 | D        | Reached skill level 27 in Stealth
    23 | D        | Reached skill level 27 in Invocations
    24 | D        | Reached XP level 24. HP: 249/249 MP: 5/53
    26 | D        | Killed a destroyer
    26 | D        | Reached XP level 25. HP: 257/257 MP: 6/53
    27 | D        | Killed a destroyer
    27 | D        | Noticed a large bag of meat
    28 | D        | Reached XP level 26. HP: 266/266 MP: 6/53
    28 | D        | Noticed a destroyer
    31 | D        | Killed a destroyer
    31 | D        | Killed a destroyer
    31 | D        | Reached XP level 27. HP: 273/273 MP: 7/53
    33 | D        | Killed a large bag of meat
    33 | D        | Killed a destroyer
    35 | D        | Noticed a destroyer
    35 | D        | Noticed a destroyer
    36 | D        | Noticed a destroyer
    38 | D        | Killed a large bag of meat
    40 | D        | Noticed a destroyer
    41 | D        | Killed a large bag of meat
    41 | D        | Killed a destroyer
    43 | D        | Killed a destroyer
    45 | D        | Noticed a destroyer
    45 | D        | Noticed a tyrant
    45 | D        | Noticed an accursed
    46 | D        | Killed an accursed
    46 | D        | Killed a destroyer
    50 | D        | Noticed a destroyer
    53 | D        | Killed a tyrant
    53 | D        | Killed a destroyer
    54 | D        | Killed a destroyer
    55 | D        | Killed a destroyer
    57 | D        | Noticed an accursed
    57 | D        | Noticed a tyrant
    58 | D        | Noticed a dread
    59 | D        | Noticed a destroyer
    62 | D        | Killed an accursed
    62 | D        | Noticed a meat beast
    65 | D        | Killed a tyrant
    65 | D        | Killed a meat beast
    69 | D        | Killed a destroyer
    70 | D        | Killed a dread
    70 | D        | Noticed a dread
    76 | D        | Noticed a meat beast
    78 | D        | Killed a dread
    85 | D        | Noticed a meat beast
    94 | D        | Noticed an accursed
    95 | D        | Noticed a dread
   100 | D        | Noticed a tyrant
   103 | D        | Noticed a meat beast
   104 | D        | Noticed an accursed
   105 | D        | Noticed a large bag of meat
   105 | D        | Noticed a dread
   106 | D        | Killed a tyrant
   106 | D        | Killed a dread
   106 | D        | Noticed an accursed
   107 | D        | Noticed a dread
   108 | D        | Noticed a destroyer
   108 | D        | Killed a meat beast
   109 | D        | Noticed an accursed
   114 | D        | Killed a large bag of meat
   115 | D        | Noticed a dread
   117 | D        | Noticed a tyrant
   118 | D        | Killed a meat beast
   119 | D        | Killed a dread
   119 | D        | Noticed an accursed
   120 | D        | Noticed a large bag of meat
   120 | D        | Noticed a tyrant
   121 | D        | Killed a dread
   122 | D        | Killed an accursed
   122 | D        | Killed a dread
   124 | D        | Noticed a fleshlord
   124 | D        | Noticed a fleshlord
   125 | D        | Killed a tyrant
   126 | D        | Killed an accursed
   126 | D        | Killed a large bag of meat
   126 | D        | Noticed an accursed
   126 | D        | Noticed a fleshlord
   127 | D        | Noticed a fleshlord
   128 | D        | Killed a fleshlord
   131 | D        | Noticed a fleshlord
   133 | D        | Killed a fleshlord
   133 | D        | Noticed a fleshlord
   134 | D        | Killed a destroyer
   135 | D        | Annihilated by a fleshlord

Skill      XL: |  1  2  3  4  5  6  7  8  9 10 11 12 13 14 15 16 17 18 19 20 21 22 23 |
---------------+----------------------------------------------------------------------+-----
Fighting       | 16 18 21 23 25 27 | 27.0
Axes           | 5 6 9 10 13 16 20 26 27 | 27.0
Throwing       | 4 5 6 7 8 9 10 23 27 | 27.0
Armour         | 5 6 7 8 9 10 17 26 27 | 27.0
Dodging        | 13 15 17 18 20 21 23 26 27 | 27.0
Unarmed Combat | 16 18 21 24 25 27 | 27.0
Spellcasting   | 15 17 19 20 22 23 25 27 | 27.0
Stealth        | 25 27 | 27.0
Invocations    | 23 27 | 27.0
Translocations | |  2.6

Action                   |  1- 3 |  4- 6 |  7- 9 | 10-12 | 13-15 | 16-18 | 19-21 | 22-24 | 25-27 || total
-------------------------+-------+-------+-------+-------+-------+-------+-------+-------+-------++-------
Melee: Executioner's axe |     1 |       |       |       |     1 |     2 |     2 |     5 |    60 ||    71
Invok: Major Destruction |       |       |       |       |       |       |       |       |     1 ||     1
 Stab: Distracted        |       |       |       |       |       |       |       |       |     1 ||     1
Armor: Leather armour    |       |       |       |       |       |       |       |       |     3 ||     3
Dodge: Dodged            |       |       |       |       |       |     2 |     2 |       |    13 ||    17
